 Dungeon Crawl Stone Soup version 0.25-a0-356-g7c9d860b3b (webtiles) character file.

Game seed: 8452441785930926886, levelgen mode: deterministic

96583 Inarius the Severer (level 15, -19/115 HPs)
             Began as a Mummy Gladiator on Jan 3, 2020.
             Was an Initiate of Gozag.
             Killed from afar by Roxanne (58 damage)
             ... with a crystal spear
             ... on level 15 of the Dungeon.
             The game lasted 00:51:33 (29711 turns).

Inarius the Severer (Mummy Gladiator)              Turns: 29711, Time: 00:51:35

Health: -19/115    AC: 31    Str: 24    XL:     15   Next: 69%
Magic:  20/20      EV:  7    Int:  9    God:    Gozag
Gold:   1922       SH: 11    Dex: 17    Spells: 14/14 levels left

rFire    + . .     SeeInvis .   a - +7 broad axe (flame)
rCold    + . .     Gourm    .   J - +0 shield
rNeg     + + +     Faith    .   y - +3 gold dragon scales
rPois    ∞         Spirit   .   m - +1 helmet
rElec    .         Reflect  .   r - +2 cloak {MR+}
rCorr    .         Harm     .   M - +0 pair of gloves {Dex+3}
MR       ++++.                  c - +2 pair of boots {run}
Stlth    ..........             A - amulet of regeneration
HPRegen  0.69/turn              I - ring of Vanity {rF+ rC- MR++ Int+2 Stlth+}
MPRegen  0.17/turn              x - +3 ring of evasion

@: gold aura, quick
A: no food or potions, fire vulnerability, cold resistance 1, negative energy
resistance 3, torment resistance, unbreathing, in touch with death 1
a: Potion Petition, Call Merchant, Bribe Branch, Renounce Religion


You were on level 15 of the Dungeon.
You worshipped Gozag.
Gozag was most pleased with you.
You were not hungry.

You visited 4 branches of the dungeon, and saw 24 of its levels.
You also visited: Ice Cave.

You collected 8395 gold pieces.
You spent 4503 gold pieces at shops.
You paid 1970 gold pieces to Gozag.

Inventory:

Hand Weapons
 a - a +7 broad axe of flaming (weapon)
 b - a +5 broad axe
Missiles
 d - 4 throwing nets
 n - 36 boomerangs (quivered)
Armour
 c - a +2 pair of boots of running (worn)
 m - a +1 helmet (worn)
 r - a +2 cloak of magic resistance (worn)
 y - +3 gold dragon scales (worn)
 C - a +2 buckler of cold resistance
 J - a +0 shield (worn)
 L - the +0 helmet of the Crown {rF- Regen+ Dex+4}
   (You bought it in a shop on level 2 of the Orcish Mines)

   It affects your dexterity (+4).
   It makes you vulnerable to fire.
   It increases your rate of regeneration.
 M - a +0 pair of gloves of dexterity (worn)
Jewellery
 i - the ring "Neoc" {Fire rElec rPois}
   (You acquired it on level 2 of the Orcish Mines)

   [ring of fire]

   It enhances your fire magic.
   It protects you from fire.
   It makes you vulnerable to cold.
   It insulates you from electricity.
   It protects you from poison.
 x - a +3 ring of evasion (right hand)
 A - an amulet of regeneration (around neck)
 B - an uncursed ring of protection from cold
 I - the ring of Vanity (left hand) {rF+ rC- MR++ Int+2 Stlth+}
   (You found it on level 6 of the Lair of Beasts)

   [ring of stealth]

   It affects your intelligence (+2).
   It protects you from fire.
   It makes you vulnerable to cold.
   It affects your resistance to hostile enchantments.
   It makes you more stealthy.
Wands
 p - a wand of polymorph (24)
 t - a wand of iceblast (2)
 u - a wand of paralysis (9)
 w - a wand of random effects (6)
 E - a wand of enslavement (13)
 F - a wand of acid (7)
 N - a wand of digging (2)
 O - a wand of disintegration (13)
 R - a wand of flame (21)
Scrolls
 e - 2 scrolls of fog
 f - 3 scrolls of fear
 g - 7 scrolls of identify
 h - a scroll of summoning
 j - 2 scrolls of blinking
 k - 7 scrolls of teleportation
 l - 7 scrolls of remove curse
 o - 4 scrolls of noise
 q - a scroll of magic mapping
 s - 4 scrolls of immolation
 v - 5 scrolls of amnesia
 D - 2 scrolls of torment
 G - a scroll of vulnerability
 K - a scroll of enchant armour
 P - a scroll of enchant weapon
 T - a scroll of holy word {unknown}
Miscellaneous
 z - a lightning rod (4/4)
 H - a sack of spiders


   Skills:
 + Level 9.8 Fighting
 * Level 17.3 Axes
 - Level 1.5 Throwing
 + Level 10.2 Armour
 + Level 2.4 Dodging
 + Level 5.2 Shields
 * Level 7.6 Evocations


You had 14 spell levels left.
You didn't know any spells.
Your spell library contained the following spells:

 Spells                   Type           Power        Failure   Level  Hunger
 Corona                   Hex            #......      100%        1    N/A
 Foxfire                  Conj/Fire      #...         100%        1    N/A
 Ensorcelled Hibernation  Hex/Ice        #.....       100%        2    N/A
 Confuse                  Hex            #.......     100%        3    N/A
 Conjure Flame            Conj/Fire      #.......     100%        3    N/A
 Dazzling Flash           Conj/Hex       #.....       100%        3    N/A
 Inner Flame              Hex/Fire       #.......     100%        3    N/A
 Tukima's Dance           Hex            #.......     100%        3    N/A
 Sticky Flame             Conj/Fire      #.......     100%        4    N/A
 Bolt of Magma            Conj/Fire/Erth #.........   100%        5    N/A
 Fireball                 Conj/Fire      #.........   100%        5    N/A
 Iskenderun's Battlesphe  Conj/Chrm      #.......     100%        5    N/A
 Iron Shot                Conj/Erth      #.........   100%        6    N/A
 Orb of Destruction       Conj           #.........   100%        7    N/A
 Spellforged Servitor     Conj/Summ      #.........   100%        7    N/A

Dungeon Overview and Level Annotations

Branches:
Dungeon (15/15)            Temple (1/1) D:4            Lair (6/6) D:8
  Swamp (0/4) Lair:3       Spider (0/4) Lair:3        Slime (0/5) Lair:5
    Orc (2/2) D:10            Elf (0/3) Orc:2        Vaults (0/5) D:14
 Depths (0/5) D:15          IceCv (visited)

Altars:
Cheibriados
Elyvilon
Gozag
Hepliaklqana
Nemelex Xobeh
Qazlal
Ru
Trog
Uskayaw
Xom
Yredelemnul
Beogh

Shops:
D:4 ?   D:5 [   D:8 %   D:10 ([*   D:11 :   Orc:2 =(?=[[}

Annotations:
D:7 Harold
D:15 Roxanne
Lair:3 2 runed translucent doors, Acyr Nudi's ghost, journeyman DsFi
Lair:6 exclusion: 3 oklob plants


Innate Abilities, Weirdness & Mutations

You do not eat or drink.
Your flesh is vulnerable to fire.
You are immune to poison.
Your flesh is cold resistant. (rC+)
You are immune to negative energy. (rN+++)
You are immune to unholy pain and torment.
You can survive without breathing.
You are in touch with the powers of death.


Message History

You slash Roxanne!
Roxanne is heavily damaged.
Your gold dragon scales prevents you from hitting the bullfrog.
The bullfrog barely misses you.
Roxanne says, "At least I didn't end up somewhere with nobody to talk to."
You slash Roxanne! You burn Roxanne.
Roxanne is heavily damaged.
You slash the bullfrog! You burn the bullfrog.
You kill the bullfrog!
You slash Roxanne!
Roxanne is severely damaged.
You slash Roxanne!
Roxanne is severely damaged.
You hit Roxanne but do no damage.
Roxanne is severely damaged.
Roxanne casts a spell.
The crystal spear hits you!!!
Ouch! That really hurt!
You die...
Your body crumbles into a pile of gold.

.......[........#
###..##########.###
###..#........#.#..
..#.<#.######.#.#.# #.#..#.#
#.#.#.# #.#....# #.#.#.#
#.###########.#.#(#
#.#...........#.#$#
#.#.#########.#.@.#
#.#.#.........#.8...#
#.#.#.#######.#.....#
..............#...#...
#.#.#.#########.#.############
..............#.#..<.........#
..............#.####=#######.#
......#########.#......# #.#
..............#.#....#.# #.#


You could see Roxanne.

Vanquished Creatures
  Saint Roka (Orc:2)
  Jorgrun (D:12)
  A frost giant (IceCv)
  An ironheart preserver (D:14)
  Azrael (D:13)
  A dire elephant (D:15)
  Erolcha (D:12)
  Josephine (D:12)
  A fire dragon (D:14)
  Fannar (D:11)
  7 hydras
  A centaur warrior (D:14)
  A merfolk avatar (Lair:6)
  A two-headed ogre (D:14)
  2 death knights (D:14)
  7 death yaks
  A two-headed ogre (shapeshifter) (D:14)
  2 orc high priests
  Nergalle (Orc:1)
  A shadow wraith (D:14)
  2 unseen horrors (D:14)
  A wizard (D:15)
  A sea snake (Lair:6)
  5 orc knights
  Pikel (D:6)
  2 deep elf magi
  A wolf spider zombie (D:15)
  An orc sorcerer (Orc:1)
  4 lindwurms (Lair:3)
  3 manticores
  7 cyclopes
  17 ugly things
  Joseph (D:9)
  An elephant (Lair:6)
  Psyche (D:9)
  Maurice (D:12)
  A centaur skeleton (D:10)
  A gargoyle (D:11)
  2 freezing wraiths
  6 spiny frogs
  9 rime drakes
  A kobold demonologist (D:10)
  An efreet (D:13)
  8 komodo dragons
  4 trolls
  A merfolk (D:15)
  20 polar bears
  2 hornets
  A wind drake (Lair:6)
  A hornet (shapeshifter) (D:15)
  3 slime creatures
  Prince Ribbit (Lair:1)
  15 blink frogs
  6 hippogriffs
  A bog body (Lair:3)
  4 dream sheep (Lair:6)
  A meliai zombie (D:11)
  A centaur simulacrum (D:15)
  A spriggan (shapeshifter) (D:14)
  5 wraiths
  2 shadows
  6 wyverns
  39 yaks
  Grum (Lair:1)
  4 basilisks
  2 fire elementals (D:13)
  5 hungry ghosts
  3 wargs
  A soldier ant (D:11)
  8 porcupines
  2 hell hounds (D:13)
  17 water moccasins
  Duvessa (D:7)
  2 phantoms (D:6)
  2 ice beasts
  6 sky beasts
  2 black bears (D:7)
  40 orc warriors
  11 ogres
  22 wolves
  4 centaurs
  6 crocodiles
  26 big kobolds
  A gnoll sergeant (Orc:2)
  2 wyvern zombies
  20 bullfrogs
  Dowan (D:7)
  A water moccasin zombie (D:6)
  10 scorpions
  A water moccasin skeleton (D:10)
  8 killer bees
  8 wights
  4 howler monkeys
  8 crimson imps
  4 bullfrog zombies
  3 centaur zombies
  5 hounds
  5 jellies
  4 bullfrog skeletons
  20 orc priests
  23 orc wizards
  5 iguanas
  A hell rat (D:8)
  18 worker ants
  A hound skeleton (D:5)
  A howler monkey skeleton (D:4)
  3 worker ant zombies
  18 gnolls
  9 adders
  2 oozes
  3 adder skeletons
  2 worms (Lair:3)
  2 dart slugs
  A leopard gecko (D:2)
  98 orcs
  9 giant cockroaches
  8 goblins
  4 hobgoblins
  17 jackals
  31 kobolds
  5 quokkas
  A ball python (D:2)
  8 bats
  2 frilled lizards
  A jackal skeleton (D:4)
  5 rats
  3 fungi
  3 plants
780 creatures vanquished.

Vanquished Creatures (others)
  A slave (D:6)
  A wolf (IceCv)
  An orc (D:13)
  7 fungi
  9 plants (Lair:6)
19 creatures vanquished.

Grand Total: 799 creatures vanquished

Notes
Turn   | Place    | Note
-------+----------+-------------------------------------------
     0 | D:1      | Inarius the Mummy Gladiator began the quest for the Orb.
     0 | D:1      | Reached XP level 1. HP: 16/16 MP: 1/1
   205 | D:1      | Reached XP level 2. HP: 17/22 MP: 2/2
   463 | D:1      | Reached skill level 3 in Axes
   782 | D:2      | Reached XP level 3. HP: 26/27 MP: 3/3
  1046 | D:2      | Reached XP level 4. HP: 10/34 MP: 4/4
  1409 | D:2      | Reached skill level 4 in Axes
  2010 | D:3      | Found a sparkling altar of Nemelex Xobeh.
  2339 | D:3      | Reached skill level 1 in Armour
  2440 | D:4      | Found Ydirr's Magic Scroll Boutique.
  2447 | D:4      | Reached XP level 5. HP: 30/39 MP: 5/5
  2560 | D:4      | Bought a scroll of identify for 26 gold pieces
  2560 | D:4      | Bought a scroll of teleportation for 39 gold pieces
  2560 | D:4      | Bought a scroll of identify for 26 gold pieces
  2560 | D:4      | Bought a scroll of identify for 26 gold pieces
  3106 | D:4      | Found a staircase to the Ecumenical Temple.
  3117 | D:4      | Reached skill level 5 in Axes
  3123 | Temple   | Entered the Ecumenical Temple
  3307 | D:4      | Reached XP level 6. HP: 40/46 MP: 6/6
  3746 | D:4      | Found a white marble altar of Elyvilon.
  3748 | D:4      | Found a bloodstained altar of Trog.
  4163 | Temple   | Became a worshipper of Gozag Ym Sagoz the Greedy
  4262 | D:4      | Reached XP level 7. HP: 51/52 MP: 7/7
  4416 | D:5      | Entered Level 5 of the Dungeon
  4432 | D:5      | Reached skill level 6 in Axes
  4606 | D:5      | Found Jyadyg's Armour Shop.
  4620 | D:5      | Bought a +0 buckler for 58 gold pieces
  5116 | D:5      | Found a bloodstained altar of Trog.
  5415 | D:6      | Reached skill level 7 in Axes
  5415 | D:6      | Reached XP level 8. HP: 37/59 MP: 8/8
  6104 | D:6      | Noticed Pikel
  6138 | D:6      | Killed Pikel
  6138 | D:6      | Reached skill level 8 in Axes
  6138 | D:6      | Reached skill level 1 in Evocations
  6477 | D:6      | Found a sparkling altar of Nemelex Xobeh.
  6569 | D:6      | Reached XP level 9. HP: 62/65 MP: 8/10
  6970 | D:6      | Found a snail-covered altar of Cheibriados.
  7602 | D:7      | Noticed Harold
  8176 | D:7      | Found a sacrificial altar of Ru.
  8432 | D:7      | Reached skill level 5 in Armour
  8432 | D:7      | Reached skill level 1 in Shields
  8717 | D:7      | Noticed Duvessa
  8717 | D:7      | Noticed Dowan
  8730 | D:7      | Killed Duvessa
  8730 | D:7      | Reached skill level 9 in Axes
  8738 | D:7      | Killed Dowan
  9965 | D:8      | Noticed a death yak
 10076 | D:8      | Found Fewoddaepp's Food Shoppe.
 10108 | D:8      | Found a staircase to the Lair.
 10351 | D:8      | Reached XP level 10. HP: 60/73 MP: 12/12
 10597 | D:8      | Noticed a death yak
 10668 | D:9      | Noticed Psyche
 10980 | D:8      | Noticed a death yak
 11154 | D:9      | Reached skill level 5 in Fighting
 11155 | D:9      | Killed Psyche
 11708 | D:5      | Bought +0 gold dragon scales for 1040 gold pieces
 11937 | D:9      | Noticed Joseph
 12264 | D:9      | Killed Joseph
 12264 | D:9      | Reached skill level 10 in Axes
 12935 | D:10     | Entered Level 10 of the Dungeon
 13030 | D:10     | Found Jiowis's General Store.
 13106 | D:10     | Reached XP level 11. HP: 51/80 MP: 13/13
 13231 | D:10     | Bought a scroll of teleportation for 42 gold pieces
 13231 | D:10     | Bought a scroll of magic mapping for 49 gold pieces
 13231 | D:10     | Bought a scroll of enchant weapon for 105 gold pieces
 13413 | D:10     | Found Vutotuss's Weapon Boutique.
 13414 | D:10     | Found a staircase to the Orcish Mines.
 13578 | D:10     | Found Pehismuri's Armour Boutique.
 13607 | D:10     | Bought a +2 cloak of magic resistance for 236 gold pieces
 13903 | D:11     | Noticed Fannar
 13919 | D:10     | Reached skill level 11 in Axes
 14036 | D:11     | Found Qonk's Book Emporium.
 14605 | D:11     | Killed Fannar
 15049 | D:10     | Bought a +2 broad axe of flaming for 249 gold pieces
 16016 | D:8      | Killed a death yak
 16241 | Lair:1   | Entered Level 1 of the Lair of Beasts
 16381 | Lair:1   | Noticed a five-headed hydra
 16402 | Lair:1   | Killed a one-headed hydra
 16546 | Lair:1   | Noticed Grum
 16908 | Lair:1   | Noticed Prince Ribbit
 16945 | Lair:1   | Killed Prince Ribbit
 16946 | Lair:1   | Reached skill level 12 in Axes
 17054 | Lair:1   | Killed Grum
 17519 | Lair:1   | Reached XP level 12. HP: 80/89 MP: 15/15
 17562 | Lair:1   | Noticed a four-headed hydra
 17573 | Lair:1   | Killed a one-headed hydra
 18087 | Lair:2   | Noticed a death yak
 18087 | Lair:2   | Noticed a death yak
 18096 | Lair:2   | Killed a death yak
 18096 | Lair:2   | Noticed a death yak
 18420 | D:8      | Killed a death yak
 18420 | D:8      | Reached skill level 5 in Evocations
 18462 | D:10     | Bought a +2 pair of boots of running for 456 gold pieces
 18970 | Lair:2   | Killed a death yak
 18974 | Lair:2   | Killed a death yak
 19608 | Lair:3   | Reached skill level 13 in Axes
 19618 | Lair:3   | Found a staircase to the Swamp.
 19711 | Lair:3   | Found a hole to the Spider Nest.
 20183 | Lair:3   | Found a hazy altar of Hepliaklqana.
 20193 | Lair:3   | Found a large runed translucent door.
 20193 | Lair:3   | Found a large runed translucent door.
 20195 | Lair:3   | Noticed Acyr Nudi's ghost (journeyman DsFi)
 21081 | Lair:5   | Found a frozen archway.
 21137 | IceCv    | Entered an ice cave
 21153 | IceCv    | Gained mutation: You are in touch with the powers of death.
                  | [Mummy growth]
 21153 | IceCv    | Reached XP level 13. HP: 82/96 MP: 17/17
 21452 | IceCv    | Reached skill level 14 in Axes
 21627 | IceCv    | Noticed a frost giant
 21656 | IceCv    | Killed a frost giant
 21893 | Lair:5   | You fall into a shaft and drop 1 floor!
 21893 | Lair:6   | Entered Level 6 of the Lair of Beasts
 22177 | Lair:5   | Found a staircase to the Slime Pits.
 22948 | Lair:6   | Reached skill level 15 in Axes
 23008 | Lair:6   | Got a slimy silver ring
 23010 | Lair:6   | Identified the ring of Vanity {rF+ rC- MR++ Int+2 Stlth+}
                  | (You found it on level 6 of the Lair of Beasts)
 23184 | Lair:6   | Reached XP level 14. HP: 84/105 MP: 18/18
 23793 | Orc:1    | Entered Level 1 of the Orcish Mines
 24179 | Orc:2    | Entered Level 2 of the Orcish Mines
 24179 | Orc:2    | Found a staircase to the Elven Halls.
 24412 | Orc:2    | Found a roughly hewn altar of Beogh.
 24544 | Orc:1    | Noticed Nergalle
 24558 | Orc:1    | Killed Nergalle
 24801 | Orc:2    | Found a roughly hewn altar of Beogh.
 25006 | Orc:2    | Found a roughly hewn altar of Beogh.
 25030 | Orc:2    | Found Ocki Ich's Gadget Emporium.
 25035 | Orc:2    | Bought a wand of acid (7) for 374 gold pieces
 25354 | Orc:2    | Noticed Saint Roka
 25389 | Orc:2    | Killed Saint Roka
 25645 | Orc:2    | Found Wuatiwn's Antique Weapon Shoppe.
 25645 | Orc:2    | Found a roughly hewn altar of Beogh.
 25650 | Orc:2    | Found Kumollu's Antique Armour Emporium.
 25719 | Orc:2    | Found a roughly hewn altar of Beogh.
 25817 | Orc:2    | Found a roughly hewn altar of Beogh.
 25853 | Orc:2    | Found Qeotz's Jewellery Boutique.
 25903 | Orc:2    | Bought a shield for 157 gold pieces
 25924 | Orc:2    | Bought a scroll of acquirement for 624 gold pieces
 25924 | Orc:2    | Bought a scroll of fear for 42 gold pieces
 25924 | Orc:2    | Bought a scroll of enchant armour for 90 gold pieces
 25924 | Orc:2    | Bought 3 scrolls of enchant weapon for 270 gold pieces
 25931 | Orc:2    | Got a pitted wooden ring
 25933 | Orc:2    | Identified the ring "Neoc" {Fire rElec rPois} (You acquired
                  | it on level 2 of the Orcish Mines)
 25938 | Orc:2    | Bought an ichor-stained helmet for 332 gold pieces
 25938 | Orc:2    | Bought a pair of embroidered gloves for 262 gold pieces
 25959 | Orc:2    | Identified the cursed +0 helmet of the Crown {rF- Regen+
                  | Dex+4} (You bought it in a shop on level 2 of the Orcish
                  | Mines)
 26079 | D:12     | Noticed Jorgrun
 26115 | D:12     | Killed Jorgrun
 26115 | D:12     | Reached skill level 16 in Axes
 26190 | D:12     | Noticed Maurice
 26195 | D:12     | Killed Maurice
 26207 | D:12     | Noticed Josephine
 26262 | D:12     | Killed Josephine
 26313 | D:12     | Noticed Erolcha
 26329 | D:12     | Killed Erolcha
 26329 | D:12     | Reached skill level 10 in Armour
 26939 | D:13     | Noticed Azrael
 26974 | D:13     | Killed Azrael
 27357 | D:13     | Reached XP level 15. HP: 98/113 MP: 20/20
 27533 | D:14     | Found a stormy altar of Qazlal.
 28140 | D:14     | Got a faintly humming chain mail
 28141 | D:14     | Identified the cursed +1 chain mail "Momoch" {rPois rF-
                  | Regen+ rCorr} (You found it on level 14 of the Dungeon)
 28554 | D:14     | Found a gate to the Vaults.
 28570 | D:14     | Reached skill level 5 in Shields
 28593 | D:14     | Reached skill level 17 in Axes
 28692 | D:15     | Entered Level 15 of the Dungeon
 29143 | D:15     | Found a staircase to the Depths.
 29335 | D:15     | Identified Roxanne's Handbook of Earth
 29335 | D:15     | Noticed Roxanne
 29711 | D:15     | Killed from afar by Roxanne

Levels and vault maps discovered:
D:1:      giann_bridges, layout_basic
D:2:      layout_loops_ring
D:3:      layout_rooms, chequers_serial_rivers_room_a,
          nemelex_diamond_rough_becter
D:4:      layout_basic, minitemple, minmay_temple_entry_enclosed_plants,
          serial_shops, shop, fountainhead
D:5:      layout_cave_pools, first_ration, basic_altar, serial_shops,
          nicolae_shop_stone
D:6:      layout_gridville, nicolae_overflow_crystal_walls, basic_altar,
          uniq_pikel
D:7:      layout_basic, kennysheep_mini, uniq_harold, uniq_duvessa
D:8:      layout_gridville, dpeg_lair_monsters, serial_shops, shop,
          grunt_ogre_cave
D:9:      layout_roguey, uniq_joseph, uniq_psyche
D:10:     layout_roguey [special_room_kobold], orc_david_3, serial_corexii_hall,
          chequers_hall_statues_corner_a, corexii_hall_statues_deadend,
          chequers_hall_statues_wall_a, serial_shops, shop
D:11:     layout_big_octagon, serial_shops,
          nicolae_shop_temple_entry_statues_fountains,
          nicolae_straight_to_the_point, uniq_fannar
D:12:     layout_roguey, uniq_erolcha, uniq_jorgrun, uniq_josephine,
          uniq_maurice
D:13:     layout_roguey, drop_trap, kennysheep_generic_room_11, uniq_azrael
D:14:     layout_roguey, skrybe_vaults_entry_preservation, nrook_campfire,
          basic_altar, minmay_the_grid_square_5x5_3x3_mashed
          [minmay_the_grid_square_5x5_bridge, minmay_the_grid_square_5x5_inset,
          minmay_the_grid_square_5x5_trominoes,
          minmay_the_grid_square_5x5_three_walls,
          minmay_the_grid_square_5x5_megaprize_open,
          minmay_the_grid_square_5x5_spiral_small,
          minmay_the_grid_square_5x5_two_walls_a,
          minmay_the_grid_square_5x5_six_small,
          minmay_the_grid_square_5x5_tetrominoes]
D:15:     hangedman_depths_entry_try_elsewhere_first, layout_basic,
          chequers_serial_rivers_micro_a, uniq_roxanne
Temple:   dpeg_five_rooms_temple
Lair:1:   layout_regular_city, grunt_forest_small_clearings,
          uniq_prince_ribbit2, uniq_grum
Lair:2:   layout_small_grid, grunt_megastairs_5
Lair:3:   layout_long_grid, skrybe_swamp_entry_bodies,
          nicolae_spider_entry_non_spiders, ebering_ghost_disaster_area,
          basic_altar, minmay_lindwurm_lava
Lair:4:   layout_misc_corridors
Lair:5:   layout_cave_pods, minmay_slime_entry_pillars, portal_ice_cave_rime
Lair:6:   gammafunk_lair_ancient_temple, layout_gridlike,
          minmay_lair_oklob_chamber
Orc:1:    layout_diamond_mine, uniq_nergalle
Orc:2:    grunt_orc_community_town_hall, layout_caves,
          grunt_orc_community_big_house_2, grunt_orc_community_big_house_2,
          grunt_orc_community_house_1, grunt_orc_community_house_2,
          grunt_orc_community_house_3, grunt_orc_community_house_2

Skill      XL: |  1  2  3  4  5  6  7  8  9 10 11 12 13 14 15 |
---------------+----------------------------------------------+-----
Axes           | 3 4 5 7 8 9 10 12 13 15 16 17 | 17.3
Armour         | 1 2 4 5 7 8 9 10 | 10.2
Fighting       | 3 4 5 6 7 8 9 |  9.8
Evocations     | 1 2 3 4 5 6 7 |  7.6
Shields        | 1 2 3 4 5 |  5.2
Throwing       | |  1.5
Dodging        | |  2.4

Action                   |  1- 3 |  4- 6 |  7- 9 | 10-12 | 13-15 || total
-------------------------+-------+-------+-------+-------+-------++-------
Melee: War axe           |    88 |   273 |   342 |   117 |       ||   820
       Whip              |       |       |    64 |       |       ||    64
       Broad axe         |       |       |       |   622 |  1392 ||  2014
Throw: Boomerang         |       |     9 |    58 |    22 |       ||    89
       Throwing net      |       |     1 |       |       |       ||     1
Invok: Call Merchant     |       |       |       |       |     3 ||     3
       Potion Petition   |       |       |       |       |     1 ||     1
Evoke: Wand              |       |       |    12 |    26 |    15 ||    53
       Lightning rod     |       |       |       |     4 |       ||     4
       Sack of spiders   |       |       |       |       |     2 ||     2
  Use: Scroll            |       |     9 |     4 |    21 |     6 ||    40
 Stab: Distracted        |       |       |     3 |     4 |    23 ||    30
Armor: Scale mail        |    40 |    91 |       |       |       ||   131
       Leather armour    |     1 |       |       |       |       ||     1
       Chain mail        |       |    70 |     2 |       |       ||    72
       Ring mail         |       |       |   137 |    29 |       ||   166
       Gold dragon scale |       |       |       |   535 |   721 ||  1256
Dodge: Dodged            |    62 |   170 |   198 |   187 |   271 ||   888
Block: Buckler           |       |       |    76 |   186 |   198 ||   460
       Shield            |       |       |       |       |   243 ||   243

Table legend:
 A = Non-vault XP
 B = Vault XP
 C = Vault XP percentage of total XP
 D = Non-vault monster count
 E = Vault monster count
 F = Vault count percentage of total count
                 A         B        C        D         E       F
            +---------+---------+-------+---------+---------+-------
      Total |   69635 |   68342 |  49.5 |     529 |     245 |  31.7
            +---------+---------+-------+---------+---------+-------
        D:1 |      59 |       0 |   0.0 |      17 |       0 |   0.0
        D:2 |      75 |       0 |   0.0 |      22 |       0 |   0.0
        D:3 |      48 |       0 |   0.0 |      16 |       0 |   0.0
        D:4 |     579 |       0 |   0.0 |      35 |       0 |   0.0
        D:5 |     559 |       0 |   0.0 |      13 |       0 |   0.0
        D:6 |    1400 |     651 |  31.7 |      30 |       1 |   3.2
        D:7 |     766 |     219 |  22.2 |      14 |       2 |  12.5
        D:8 |    1417 |    1926 |  57.6 |      34 |       5 |  12.8
        D:9 |    1448 |     935 |  39.2 |      27 |       2 |   6.9
       D:10 |     907 |    2679 |  74.7 |       7 |      32 |  82.1
       D:11 |    2796 |     991 |  26.2 |      26 |       1 |   3.7
       D:12 |    2826 |    6380 |  69.3 |       6 |       8 |  57.1
       D:13 |    7735 |    1946 |  20.1 |      44 |       5 |  10.2
       D:14 |    8319 |   12082 |  59.2 |      32 |      25 |  43.9
       D:15 |   11293 |    2676 |  19.2 |      36 |       4 |  10.0
     Lair:1 |    5418 |    1213 |  18.3 |      19 |       6 |  24.0
     Lair:2 |    5186 |      96 |   1.8 |      19 |       1 |   5.0
     Lair:3 |    2008 |    2991 |  59.8 |      15 |      13 |  46.4
     Lair:4 |     618 |       0 |   0.0 |       3 |       0 |   0.0
     Lair:5 |    3183 |    1392 |  30.4 |      13 |       6 |  31.6
     Lair:6 |    5490 |    9151 |  62.5 |      23 |      24 |  51.1
      Orc:1 |    4575 |     800 |  14.9 |      53 |       1 |   1.9
      Orc:2 |    2930 |    9495 |  76.4 |      25 |      63 |  71.6
      IceCv |       0 |   12719 | 100.0 |       0 |      46 | 100.0
            +---------+---------+-------+---------+---------+-------
